 Dungeon Crawl Stone Soup version 0.19.0 (webtiles) character file.

975 Danakh the Chopper (level 7, -4/62 HPs)
             Began as a Minotaur Fighter on Nov 6, 2016.
             Killed from afar by an electric eel (14 damage)
             ... with a bolt of electricity
             ... on level 6 of the Dungeon.
             The game lasted 00:08:26 (4700 turns).

Danakh the Chopper (Minotaur Fighter)               Turns: 4700, Time: 00:08:27

Health: -4/62      AC: 10    Str: 27    XL:     7   Next: 95%
Magic:  6/6        EV:  8    Int:  5    God:
Gold:   263        SH: 11    Dex: 10    Spells: 0 memorised, 6 levels left

rFire  . . .     SeeInvis .     a - +0 war axe
rCold  . . .     Gourm    +     b - +0 scale mail
rNeg   . . .     Faith    .     c - +0 shield
rPois  .         Spirit   .     (helmet restricted)
rElec  .         Reflect  .     u - +0 cloak
rCorr  .         Harm     .     (no gloves)
MR     .....                    p - +0 pair of boots
Stlth  ..........               G - amulet of the gourmand
                                D - +2 ring of strength
                                r - +3 ring of strength

@: no status effects
A: retaliatory headbutt, horns 2
a: no special abilities


You were on level 6 of the Dungeon.
You were not hungry.

You visited 1 branch of the dungeon, and saw 6 of its levels.

You collected 263 gold pieces.

Inventory:

Hand Weapons
 a - a +0 war axe (weapon)
Armour
 b - a +0 scale mail (worn)
 c - a +0 shield (worn)
 p - a +0 pair of boots (worn)
 u - a +0 cloak (worn)
Jewellery
 r - a +3 ring of strength (left hand)
 w - an uncursed ring of see invisible
 D - a +2 ring of strength (right hand)
 G - an amulet of the gourmand (around neck)
Scrolls
 g - 4 scrolls of identify {unknown}
 h - 5 scrolls of remove curse {unknown}
 i - 3 scrolls of noise {unknown}
 j - 3 scrolls of teleportation {unknown}
 n - a scroll of enchant weapon {unknown}
 o - 2 scrolls of amnesia {unknown}
 q - a scroll of fear {unknown}
 s - a scroll of fog {unknown}
 x - a scroll of blinking {unknown}
 y - 2 scrolls of magic mapping {unknown}
 z - a scroll of immolation {unknown}
Potions
 d - a potion of might
 e - 3 potions of curing {unknown}
 l - a potion of beneficial mutation {unknown}
 m - a potion of brilliance {unknown}
 t - a potion of degeneration {unknown}
 A - 2 potions of resistance {unknown}
 C - 2 potions of lignification {unknown}
 F - a potion of agility
 H - a potion of invisibility {unknown}
Comestibles
 f - 3 bread rations
 k - a meat ration
 v - 3 fruits
 B - a slice of pizza


   Skills:
 + Level 5.9 Fighting
 * Level 7.7 Axes
 + Level 5.9 Armour
 + Level 6.0 Shields


You had 6 spell levels left.
You didn't know any spells.

Dungeon Overview and Level Annotations

Branches:
Dungeon (6/15)
 Temple: D:4-7

Altars:


Innate Abilities, Weirdness & Mutations

You reflexively headbutt those who attack you in melee.
You have a pair of horns on your head.


Message History

The bolt of electricity hits you!
You miss the electric eel. Your headbutt misses the electric eel.
The electric eel is lightly wounded.
The dart slug launches a dart at you. The slug dart hits you!
The dart slug launches a dart at you. The slug dart hits you!
The electric eel shoots out a bolt of lightning at you!
The bolt of electricity hits you!
The electric eel shoots out a bolt of lightning at you!
The bolt of electricity misses you.
The electric eel shoots out a bolt of lightning at you!
The bolt of electricity hits you!
The electric eel shoots out a bolt of lightning at you!
The bolt of electricity hits you!
* * * LOW HITPOINT WARNING * * *
There is a stone staircase leading up here.
The electric eel shoots out a bolt of lightning at you!
The bolt of electricity hits you!
You die...

...≈≈.≈≈ .....
##S≈≈≈≈≈≈ .$...
.#w≈≈≈≈≈≈#≈≈≈...
≈≈≈;≈8./≈≈≈w≈..
. #≈≈.≈..#≈≈#≈.#
≈≈#≈≈≈≈(≈≈≈≈≈#≈.
≈w≈≈≈≈≈.≈;≈≈≈≈≈≈
≈≈≈≈≈;!..≈≈≈w#≈
≈≈≈≈≈≈.@.≈≈≈≈≈≈.
#≈≈≈≈≈...≈≈≈≈≈≈≈
≈≈≈w≈≈≈<#≈≈≈≈≈≈≈
≈#≈#≈≈$.≈≈≈≈≈w≈#
.≈≈≈≈≈)..≈#≈≈≈.#
#≈#≈≈≈..≈≈≈≈≈≈#$
. ≈≈≈w≈#≈≈≈≈≈..
##.≈≈≈ ≈≈≈ #.


You could see 3 electric eels, an adder (wandering) and 7 dart slugs.

Vanquished Creatures
  2 centaurs
  3 scorpions (D:4)
  A howler monkey (D:5)
  A crimson imp (D:5)
  2 hounds (D:5)
  A bullfrog skeleton (D:4)
  8 orc wizards
  Crazy Yiuf (D:3)
  Jessica (D:3)
  An iguana (D:5)
  2 worker ants
  3 adders
  2 adder skeletons
  3 worms
  3 leopard geckos
  24 orcs
  4 giant cockroaches
  7 goblins
  8 hobgoblins
  8 jackals
  11 kobolds
  2 quokkas (D:5)
  8 bats
  4 frilled lizards
  A jackal skeleton (D:4)
  A leopard gecko skeleton (D:5)
  2 quokka skeletons
  4 rats
118 creatures vanquished.

Notes
Turn   | Place    | Note
-------+----------+-------------------------------------------
     0 | D:1      | Danakh the Minotaur Fighter began the quest for the Orb.
     0 | D:1      | Reached XP level 1. HP: 19/19 MP: 0/0
   416 | D:1      | Reached XP level 2. HP: 26/26 MP: 1/1
   494 | D:1      | Reached skill level 3 in Axes
  1157 | D:2      | Reached XP level 3. HP: 31/33 MP: 2/2
  2141 | D:3      | Reached XP level 4. HP: 40/40 MP: 3/3
  2167 | D:3      | Noticed Jessica
  2172 | D:3      | Killed Jessica
  2172 | D:3      | Reached skill level 4 in Axes
  2210 | D:3      | Reached XP level 5. HP: 43/47 MP: 4/4
  2736 | D:3      | Found a runed door.
  2740 | D:3      | Noticed Crazy Yiuf
  2744 | D:3      | Killed Crazy Yiuf
  2744 | D:3      | Reached skill level 5 in Axes
  3063 | D:4      | Noticed a centaur
  3065 | D:4      | Killed a centaur
  3065 | D:4      | Reached skill level 5 in Shields
  3065 | D:4      | Reached XP level 6. HP: 50/55 MP: 5/5
  3354 | D:4      | Reached skill level 5 in Fighting
  3354 | D:4      | Reached skill level 6 in Axes
  3354 | D:4      | Reached skill level 5 in Armour
  3742 | D:4      | Reached XP level 7. HP: 53/61 MP: 6/6
  4290 | D:5      | Entered Level 5 of the Dungeon
  4305 | D:5      | Reached skill level 7 in Axes
  4700 | D:6      | Killed from afar by an electric eel

Skill      XL: |  1  2  3  4  5  6  7 |
---------------+----------------------+-----
Shields        | 4 5 6 |  6.0
Axes           | 3 4 5 6 7 |  7.7
Armour         | 4 5 |  5.9
Fighting       | 4 5 |  5.9

Action                   |  1- 3 |  4- 6 |  7- 9 || total
-------------------------+-------+-------+-------++-------
Melee: War axe           |   124 |   114 |    68 ||   306
       Headbutt          |    11 |    14 |    14 ||    39
  Eat: Chunk             |     4 |     4 |     4 ||    12
Armor: Scale mail        |    73 |    28 |    35 ||   136
Dodge: Dodged            |    46 |    34 |    19 ||    99
Block: Shield            |    64 |    46 |    33 ||   143
